 Dungeon Crawl Stone Soup version 0.19-a0-749-g66ae36b (webtiles) character file.

13057 Implojin the Grappler (level 11, -2/123 HPs)
             Began as a Troll Fighter on June 24, 2016.
             Was a High Priest of Okawaru.
             Slain by a wolf (5 damage)
             ... on level 6 of the Lair of Beasts.
             The game lasted 00:26:12 (4138 turns).

Implojin the Grappler (Troll Fighter)               Turns: 4138, Time: 00:26:13

Health: -2/123     AC:  5    Str: 26    XL:     11   Next: 70%
Magic:  9/10       EV:  9    Int:  4    God:    Okawaru [*****.]
Gold:   381        SH:  9    Dex: 12    Spells: 0 memorised, 10 levels left

rFire  + . .     SeeInvis .       - Unarmed
rCold  + . .     Gourm    +     a - +0 robe
rNeg   + . .     Faith    .     b - +0 shield
rPois  +         Spirit   .     (helmet restricted)
rElec  +         Dismiss  .     (no cloak)
rCorr  +         Reflect  .     (gloves unavailable)
SustAt .         Harm     .     (boots unavailable)
MR     .....                    (no amulet)
Stlth  +.........               u - +1 ring of evasion
                                t - ring of positive energy

@: resistant, not resistant to hostile enchantments, very unstealthy
A: unfitting armour, claws 3, fast metabolism 3, gourmand, regeneration 2,
shaggy fur 1, tough skin 2
a: Heroism, Finesse, Renounce Religion


You were on level 6 of the Lair of Beasts.
You worshipped Okawaru.
Okawaru was extremely pleased with you.
You were very full.

You visited 3 branches of the dungeon, and saw 19 of its levels.

You collected 381 gold pieces.

Inventory:

Hand Weapons
 J - a +0 blowgun
Missiles
 p - 3 tomahawks (quivered)
 D - 4 large rocks
Armour
 a - a +0 robe (worn)
 b - a +0 shield (worn)
 H - a steam dragon hide
Magical Staves
 i - an uncursed staff of energy {unknown}
Jewellery
 e - an uncursed amulet of faith {unknown}
 k - an uncursed amulet of dismissal
 t - a ring of positive energy (left claw)
 u - a +1 ring of evasion (right claw)
 y - an uncursed ring of positive energy
 B - an uncursed ring of wizardry
 I - an uncursed ring of poison resistance {unknown}
Wands
 v - a wand of digging (19/24)
 w - a wand of acid (7/15)
 x - a wand of flame (22/48)
 M - a wand of iceblast (5/15)
 N - a wand of lightning (1/15)
 P - a wand of acid (12/15)
Scrolls
 j - 6 scrolls of remove curse
 l - 5 scrolls of amnesia
 E - 4 scrolls of recharging
 O - a scroll of identify
 Q - a scroll of fear {unknown}
Potions
 f - 3 potions of ambrosia
 g - a potion of agility {unknown}
 h - a potion of brilliance {unknown}
 m - a potion of curing
 n - 2 potions of cure mutation
 q - a potion of invisibility {unknown}
 s - a potion of flight {unknown}
 z - a potion of heal wounds {unknown}
 A - a potion of lignification {unknown}
 G - a potion of cancellation
 L - a potion of resistance
 S - 2 potions of degeneration {unknown}
Books
 K - a book of Summonings

   Spells                             Type                      Level
   a - Recall                         Summoning/Translocation      3
   b - Aura of Abjuration             Summoning                    5
   c - Summon Demon                   Summoning                    5
   d - Summon Forest                  Summoning/Translocation      5
   e - Summon Mana Viper              Hexes/Summoning              5
   f - Shadow Creatures               Summoning                    6
Miscellaneous
 F - a box of beasts
Comestibles
 c - 4 meat rations
 d - 6 bread rations
 o - 3 royal jellies
 C - 8 slices of pizza
 R - 2 chunks of flesh


   Skills:
 - Level 12.0 Fighting
 - Level 2.4 Dodging
 - Level 3.6 Shields
 - Level 12.0 Unarmed Combat
 * Level 1.0 Invocations


You had 10 spell levels left.
You didn't know any spells.

Dungeon Overview and Level Annotations

Branches:
Dungeon (12/15)            Temple (1/1) D:5            Lair (6/6) D:10
  Swamp: Lair:2-4    Shoals: Lair:2-4     Snake: Lair:2-4    Spider: Lair:2-4
  Slime: Lair:5-6       Orc: D:9-12

Altars:
Cheibriados
Dithmenos
Elyvilon
Gozag
Kikubaaqudgha
Makhleb
Nemelex Xobeh
Okawaru
Pakellas
Qazlal
Ru
Sif Muna
Trog
Uskayaw
Yredelemnul
The Shining One

Shops:
D:5 }?}*   D:8 (


Innate Abilities, Weirdness & Mutations

You are too large for most types of armour.
You have claws for hands.
Your metabolism is lightning-fast.
You like to eat raw meat.
You heal very quickly.
You are covered in fur. (AC +1)
You have very tough skin. (AC +2)


Message History

Unknown command.
You claw the wolf!
The wolf is moderately wounded.
The wolf bites you.
* * * LOW HITPOINT WARNING * * *
The wolf bites you.
* * * LOW HITPOINT WARNING * * *
You block the wolf's attack. x2; The wolf closely misses you.
You miss the wolf.
The wolf is moderately wounded.
You block the wolf's attack. The wolf misses you. The wolf bites you.
* * * LOW HITPOINT WARNING * * *
You block the wolf's attack. The wolf misses you.
You barely miss the wolf.
The wolf is moderately wounded.
The wolf bites you but does no damage. You block the wolf's attack.
The wolf closely misses you. The wolf barely misses you. The wolf misses you.
You scratch the wolf.
The wolf is moderately wounded.
The wolf bites you!
* * * LOW HITPOINT WARNING * * *
You block the wolf's attack. x2; The wolf misses you.
It was a potion of cancellation.
You feel strangely stable.
You feel magically purged. You block the wolf's attack.
The wolf barely misses you. You block the wolf's attack. x2
The wolf barely misses you. The wolf closely misses you. The wolf bites you.
* * * LOW HITPOINT WARNING * * *
A spriggan rider comes into view. It is wielding a spear.
Okay, then.
It was a potion of resistance.
You feel protected.
You feel like a meek peon again. The wolf barely misses you.
You block the wolf's attack. The wolf bites you but does no damage.
The wolf bites you.
* * * LOW HITPOINT WARNING * * *
You block the wolf's attack. x2
The spriggan rider hits you from afar with a spear!!
* * * LOW HITPOINT WARNING * * *
The wolf bites you.
You die...

#.##. ### ##...
###P### ##....
##.....######.....
♣.......PP##....##
♣♣♣..♣♣♣.........P.#
♣..h♣♣ ♣♣♣♣♣.....PP.
♣♣.hh♣ ♣♣♣......
♣.hh@♣ ♣♣....P
♣.hh♣♣ ♣♣♣.## ♣...i
.♣ ♣..♣♣ ♣♣ ♣..♣ ♣..
♣. ♣


You could see a spriggan rider and 7 wolves.

Vanquished Creatures
  A hydra (D:12)
  Urug (D:12)
  A hill giant (D:11)
  Joseph (D:7)
  A spiny frog (Lair:1)
  Psyche (D:8)
  3 komodo dragons
  3 trolls
  A two-headed ogre (D:8)
  Grinder (D:4)
  A redback (Lair:6)
  A shadow (D:11)
  A wyvern (D:9)
  3 hungry ghosts
  13 yaks
  2 hippogriffs
  A steam dragon (D:12)
  A human (D:10)
  2 water moccasins
  5 orc warriors
  A porcupine (Lair:1)
  A swamp drake (D:10)
  A sky beast (D:5)
  2 ice beasts
  2 phantoms
  3 ogres
  2 centaurs
  3 crocodiles
  3 big kobolds
  8 giant frogs
  A gnoll sergeant (D:10)
  2 wyvern skeletons (D:9)
  6 scorpions
  6 killer bees (D:8)
  2 wights
  2 howler monkeys (D:11)
  A centaur zombie (D:11)
  A wasp zombie (D:12)
  A jelly (D:9)
  9 orc priests
  A giant frog skeleton (D:5)
  7 hounds
  8 orc wizards
  2 centaur skeletons (D:8)
  8 iguanas
  10 worker ants
  5 sheep (Lair:6)
  2 worker ant zombies
  9 gnolls
  4 river rats (Lair:4)
  6 adders
  A howler monkey skeleton (D:11)
  3 shadow imps
  2 oozes
  A worm (D:6)
  3 giant geckos
  35 orcs
  3 giant cockroaches
  A hobgoblin (D:1)
  4 jackals (D:5)
  15 kobolds
  2 quokkas
  A giant gecko skeleton (D:4)
  A quokka skeleton (D:7)
  2 rats (D:2)
237 creatures vanquished.

Vanquished Creatures (others)
  An ogre (D:10)
  A fungus (Lair:4)
  6 plants
8 creatures vanquished.

Grand Total: 245 creatures vanquished

Notes
Turn   | Place    | Note
--------------------------------------------------------------
     0 | D:1      | Implojin the Troll Fighter began the quest for the Orb.
     0 | D:1      | Reached XP level 1. HP: 22/22 MP: 0/0
    55 | D:1      | Reached XP level 2. HP: 17/29 MP: 1/1
   119 | D:2      | Reached skill level 3 in Unarmed Combat
   122 | D:2      | Reached XP level 3. HP: 32/36 MP: 2/2
   129 | D:2      | Reached skill level 4 in Unarmed Combat
   175 | D:3      | Found a deep blue altar of Sif Muna.
   183 | D:3      | Reached XP level 4. HP: 39/44 MP: 3/3
   211 | D:4      | Reached skill level 5 in Unarmed Combat
   218 | D:4      | Reached XP level 5. HP: 50/50 MP: 4/4
   291 | D:3      | Noticed an orc warrior
   310 | D:3      | Killed an orc warrior
   310 | D:3      | Reached skill level 6 in Unarmed Combat
   310 | D:3      | Reached XP level 6. HP: 56/59 MP: 5/5
   402 | D:5      | Entered Level 5 of the Dungeon
   402 | D:5      | Found Benlay's Gadget Shop.
   408 | D:5      | Found Deneboeh's Magic Scroll Shoppe.
   451 | D:5      | Reached skill level 7 in Unarmed Combat
   542 | D:4      | Reached XP level 7. HP: 66/66 MP: 6/6
   553 | D:4      | Noticed Grinder
   553 | D:4      | Paralysed by Grinder for 7 turns
   588 | D:4      | Killed Grinder
   588 | D:4      | Reached skill level 8 in Unarmed Combat
   766 | D:5      | Reached skill level 9 in Unarmed Combat
   894 | D:7      | Reached XP level 8. HP: 68/74 MP: 7/7
  1160 | D:6      | Reached skill level 10 in Unarmed Combat
  1254 | D:5      | Found Exomy's Gadget Shoppe.
  1313 | D:5      | Found Tuewol's General Store.
  1374 | D:5      | Found a staircase to the Ecumenical Temple.
  1383 | Temple   | Entered the Ecumenical Temple
  1412 | Temple   | Became a worshipper of Warmaster Okawaru
  1503 | D:7      | Noticed Joseph
  1516 | D:7      | Killed Joseph
  1516 | D:7      | Reached skill level 11 in Unarmed Combat
  1609 | D:8      | Noticed a two-headed ogre
  1616 | D:8      | Killed a two-headed ogre
  1616 | D:8      | Reached * piety under Okawaru
  1616 | D:8      | Reached XP level 9. HP: 13/80 MP: 8/8
  1748 | D:9      | Reached skill level 12 in Unarmed Combat
  1758 | D:10     | Entered Level 10 of the Dungeon
  1761 | D:10     | Reached skill level 3 in Fighting
  1793 | D:11     | Noticed a troll
  1802 | D:11     | Killed a troll
  1802 | D:11     | Reached ** piety under Okawaru
  1802 | D:11     | Reached skill level 4 in Fighting
  1857 | D:11     | Reached skill level 5 in Fighting
  1888 | D:11     | Reached skill level 6 in Fighting
  1935 | D:11     | :yaks on d:11 maybe lair
  2004 | D:11     | Noticed a troll
  2009 | D:11     | Killed a troll
  2009 | D:11     | Reached skill level 7 in Fighting
  2009 | D:11     | Reached XP level 10. HP: 49/102 MP: 6/9
  2148 | D:10     | Reached *** piety under Okawaru
  2250 | D:11     | Noticed a hill giant
  2264 | D:11     | Killed a hill giant
  2264 | D:11     | Reached skill level 8 in Fighting
  2349 | D:12     | Noticed a seven-headed hydra
  2356 | D:12     | Killed a nine-headed hydra
  2356 | D:12     | Reached skill level 9 in Fighting
  2358 | D:12     | Noticed Urug
  2370 | D:12     | Killed Urug
  2370 | D:12     | Reached **** piety under Okawaru
  2544 | D:11     | Reached skill level 10 in Fighting
  2861 | D:9      | Reached XP level 11. HP: 85/119 MP: 10/10
  3078 | D:10     | Reached skill level 11 in Fighting
  3096 | D:9      | Found a bloodstained altar of Trog.
  3335 | D:8      | Noticed Psyche
  3352 | D:8      | Killed Psyche
  3466 | D:8      | Found Dyfey's Antique Weapon Shoppe.
  3734 | D:10     | Found a staircase to the Lair.
  3739 | Lair:1   | Entered Level 1 of the Lair of Beasts
  3878 | Lair:2   | You fall through a shaft!
  3943 | Lair:4   | Reached ***** piety under Okawaru
  3943 | Lair:4   | Reached skill level 12 in Fighting
  3962 | Lair:4   | Reached skill level 3 in Shields
  4024 | Lair:6   | Entered Level 6 of the Lair of Beasts
  4068 | Lair:6   | Noticed a seven-headed hydra
  4128 | Lair:6   | Reached skill level 1 in Invocations
  4138 | Lair:6   | Noticed a spriggan rider
  4138 | Lair:6   | HP: 3/123 [spriggan rider/spear (20)]
  4138 | Lair:6   | Slain by a wolf

Vault maps used:
D:1:      minmay_arrival_wavy_path, nrook_mini_backslash
D:2:      lemuel_doored_altar, overflow_temple_1_default
D:3:      old_standard_altar, lemuel_crystal_altar, evilmike_ruin_ashenzari,
          tgw_xom, minmay_box_of_dots
D:4:      first_bread, uniq_grinder
D:5:      serial_shops, nicolae_shop_temple_entry_statues_fountains, shop,
          nicolae_shop_statue_plus, kennysheep_mini,
          nicolae_shop_competitors_out_of_business
D:6:      vehumet_statue
D:7:      serial_bayou_lake_a, uniq_joseph
D:8:      kennysheep_six_static_rooms, serial_shops, nicolae_shop_stone,
          uniq_psyche
D:9:      hangedman_cross_stitches, kennysheep_mini_moat
D:10:     erik_lair_dragon, david_orc_3, grunt_pizzeria, grunt_decor_one_mirror
D:12:     serial_bayou_crossing, uniq_urug, uniq_erolcha
Temple:   nicolae_temple_great_sept
Lair:2:   minivault_23
Lair:3:   serial_bayou_pond_c, grunt_megastairs_4, lemuel_fruit_tree, uniq_maud
Lair:4:   minmay_swamp_entry_reptiles, minmay_snake_entry_guardpost_small
Lair:5:   slime_altar_1, serial_bayou_pond_e, beast_lair_carwin_8
Lair:6:   minmay_lair_end_enchanted_forest, serial_bayou_pond_a, wad_woods_04

Skill      XL: |  1  2  3  4  5  6  7  8  9 10 11 |
---------------+----------------------------------+-----
Unarmed Combat | 3 4 5 6 7 9 11 12 | 12.0
Fighting       | 7 10 12 | 12.0
Shields        | 3 |  3.6
Invocations    | 1 |  1.0
Dodging        | |  2.4

Action                   |  1- 3 |  4- 6 |  7- 9 | 10-12 || total
-------------------------+-------+-------+-------+-------++-------
Melee: Unarmed           |    46 |    53 |   208 |   428 ||   735
Throw: Tomahawk          |       |       |     2 |     1 ||     3
Invok: Heroism           |       |       |     9 |    27 ||    36
Evoke: Wand              |       |       |     1 |       ||     1
  Use: Potion            |       |     2 |       |     4 ||     6
       Scroll            |       |     1 |    11 |     3 ||    15
 Stab: Distracted        |       |       |     1 |       ||     1
       Sleeping          |       |       |       |     2 ||     2
  Eat: Chunk             |     7 |     3 |    16 |    23 ||    49
Armor: Robe              |    15 |    11 |    30 |    56 ||   112
Dodge: Dodged            |     7 |     9 |    52 |   193 ||   261
Block: Shield            |    20 |    15 |    60 |   215 ||   310

Table legend:
 A = Turns spent in this place as a percentage of turns spent in the entire game.
 B = Non-inter-level travel turns spent in this place as a percentage of non-inter-level travel turns spent in the entire game.
 C = Inter-level travel turns spent in this place as a percentage of turns spent in this place.
 D = Turns resting spent in this place as a percentage of non-inter-level travel turns spent in this place.
 E = Turns spent auto-exploring this place as a percentage of non-inter-level travel turns spent in this place.
 F = Non-inter-level travel turns spent in this place divided by the number of levels of this place that you've seen.
                   A       B       C       D       E      F
               +-------+-------+-------+-------+-------+----------------------
         Total | 100.0 | 100.0 |   0.0 |   0.0 |   0.0 | 211.2
       Dungeon |  89.3 |  89.3 |   0.0 |   0.1 |   0.0 | 298.7
        Temple |   1.0 |   1.0 |   0.0 |   0.0 |   0.0 |  39.0
          Lair |   9.7 |   9.7 |   0.0 |   0.0 |   0.0 |  65.0
               +-------+-------+-------+-------+-------+----------------------

Table legend:
 A = Kills in this place as a percentage of kills in entire the game.
 B = Kills by you in this place as a percentage of kills by you in the entire game.
 C = Kills by friends in this place as a percentage of kills by friends in the entire game.
 D = Other kills in this place as a percentage of other kills in the entire game.
 E = Experience gained in this place as a percentage of experience gained in the entire game.
 F = Experience gained in this place divided by the number of levels of this place that you have seen.
                   A       B       C       D       E      F
               +-------+-------+-------+-------+-------+----------------------
         Total | 100.0 | 100.0 |  -nan | 100.0 | 100.0 | 981.7
       Dungeon |  89.5 |  89.5 |  -nan | 100.0 |  83.8 | 1303.1
          Lair |  10.5 |  10.5 |  -nan |   0.0 |  16.2 | 502.7
               +-------+-------+-------+-------+-------+----------------------
